 Dungeon Crawl Stone Soup version 0.31-a0-229-g1fc7ce93e2 (webtiles) character file.

Game seed: 9446133829915102689

997 qw the Skirmisher (level 7, -2/61 HPs)
             Began as a Minotaur Hexslinger on July 6, 2023.
             Slain by Prince Ribbit (10 damage)
             ... on level 5 of the Dungeon.
             The game lasted 00:02:08 (4088 turns).

qw the Skirmisher (Minotaur Hexslinger)             Turns: 4088, Time: 00:02:08

Health: -2/61      AC: 10    Str: 12    XL:     7   Next: 99%
Magic:  7/7        EV: 11    Int: 10    God:
Gold:   368        SH:  0    Dex: 15    Spells: 7/8 levels left

rFire   . . .        Y - +2 sling (flame)
rCold   . . .        (no shield)
rNeg    . . .        j - +0 ring mail
rPois   .            (helmet restricted)
rElec   .            h - +2 cloak {Stlth+}
rCorr   .            c - +0 pair of gloves
SInv    .            l - +0 pair of boots
Will    .....        (no amulet)
Stlth   ++           (no ring)
HPRegen 0.30/turn    (no ring)
MPRegen 0.10/turn

%: no passive effects
@: lethally poisoned (-2 -> -9)
A: horns 2, retaliatory headbutt
a: no special abilities


You were on level 5 of the Dungeon.
You visited 2 branches of the dungeon, and saw 6 of its levels.
You also visited: Ossuary.

You collected 368 gold pieces.


Innate Abilities, Weirdness & Mutations

You have a pair of horns on your head.
You reflexively headbutt those who attack you in melee.


   Skills:
 - Level 5.0 Fighting
 - Level 9.0 Ranged Weapons
 + Level 2.3 Armour
 - Level 2.1 Dodging
 - Level 1.0 Spellcasting
 - Level 2.0 Hexes


You had 7 spell levels left.
You knew the following spells:

 Your Spells              Type           Power      Damage    Failure   Level
a - Slow                  Hex            16%        N/A       32%         1

Your spell library contained the following spells:

 Spells                   Type           Power      Damage    Failure   Level
 Inner Flame              Hex/Fire       2%         N/A       83%         3
 Portal Projectile        Hex/Tloc       4%         N/A       83%         3
 Cause Fear               Hex            2%         N/A       97%         4

Inventory:

Hand Weapons
 Y - a +2 sling of flaming (weapon)
Armour
 c - a +0 pair of gloves (worn)
 h - a +2 cloak of stealth (worn)
 j - a +0 ring mail (worn)
 l - a +0 pair of boots (worn)
Scrolls
 a - a scroll of teleportation {unknown}
 k - 2 scrolls of identify
 m - a scroll of vulnerability {unknown}
Potions
 b - a potion of enlightenment
 d - a potion of invisibility {unknown}
 e - a potion of lignification {unknown}
 f - 2 potions of haste
 g - a potion of mutation {unknown}
 i - a potion of might {unknown}
 n - a potion of cancellation {unknown}

Dungeon Overview and Level Annotations

Branches:
Dungeon (5/15)             Temple (1/1) D:5         Ossuary (visited)

Altars:
Ashenzari
Cheibriados
Fedhas
Gozag
Hepliaklqana
Kikubaaqudgha
Nemelex Xobeh
Trog
Uskayaw
Vehumet
Zin
The Shining One

Annotations:
D:5 Prince Ribbit


Message History

You shoot a sling bullet. The sling bullet hits Prince Ribbit!
The sling bullet burns Prince Ribbit.
Prince Ribbit is severely wounded.
Prince Ribbit hits you.
You shoot a sling bullet. The sling bullet misses Prince Ribbit.
Prince Ribbit hits you but does no damage.
The scorpion stings you.
You are poisoned.
The scorpion poisons you!
Prince Ribbit hits you but does no damage.
You shoot a sling bullet. The sling bullet hits Prince Ribbit.
The sling bullet burns Prince Ribbit.
Prince Ribbit is severely wounded.
You feel sick. The scorpion stings you. Prince Ribbit hits you!
The scorpion closely misses you. You furiously retaliate!
You headbutt the scorpion. You shoot a sling bullet.
The sling bullet barely misses Prince Ribbit.
You feel sick. Prince Ribbit hits you. The scorpion stings you.
You are more poisoned.
The scorpion poisons you!
You shoot a sling bullet.
The sling bullet barely misses Prince Ribbit.
You feel very sick. Prince Ribbit hits you.
The scorpion stings you but does no damage.
Prince Ribbit hits you!
You shoot a sling bullet.
The sling bullet closely misses Prince Ribbit.
You feel very sick. Prince Ribbit closely misses you.
The scorpion stings you but does no damage.
You shoot a sling bullet. The sling bullet hits Prince Ribbit.
The sling bullet burns Prince Ribbit.
Prince Ribbit is almost dead.
You feel very sick. Prince Ribbit hits you.
The scorpion stings you but does no damage.
Prince Ribbit hits you!
You die...

.... .. ... ..## ....
..#..#.... .... ..####.#......
.... #............ ... ....
#...........# ##... #.
#..##.....%.# #.... #.
#..#...##sF# ..#...####.
#######........@# ..#.....#..
#.##.###.#......# ... #.....
##.#............## #..##..<.
#....#........##### #..#..[..
#...##............# #........
##...#........#...# #........
##..#.......##...# #........
##..........#...# #..../...
#.#.(..........#######....#...


You could see Prince Ribbit and a scorpion.

Vanquished Creatures
  Duvessa (D:5)
  An elf zombie (Ossuary)
  A scorpion (D:5)
  Dowan (D:5)
  3 human zombies (Ossuary)
  2 centaur zombies (Ossuary)
  4 hounds
  3 orc priests (D:4)
  2 iguanas
  Terence (D:3)
  An orc wizard (D:4)
  3 mummies (Ossuary)
  4 gnolls
  5 adders
  5 adder zombies (Ossuary)
  3 worms (D:2)
  A dart slug (D:4)
  8 orcs
  3 bats (D:1)
  5 endoplasms
  2 giant cockroaches
  2 gnoll zombies (Ossuary)
  3 goblins
  6 hobgoblins
  6 jackals (D:1)
  10 kobolds
  6 quokkas
  6 ball pythons
  3 frilled lizards
  4 goblin zombies (Ossuary)
  3 jackal zombies (Ossuary)
  6 kobold zombies (Ossuary)
  2 orc zombies (Ossuary)
  4 quokka zombies (Ossuary)
  3 rats
  2 rat zombies (Ossuary)
125 creatures vanquished.

Notes
Turn   | Place    | Note
-------+----------+-------------------------------------------
     0 | D:1      | qw the Minotaur Hexslinger began the quest for the Orb.
     0 | D:1      | Reached XP level 1. HP: 16/16 MP: 1/1
     0 | D:1      | 0 ||| qw: Version: 0.3-a-46-gb1f654a
     0 | D:1      | 0 ||| qw: Game counter: 1495
     0 | D:1      | 0 ||| qw: Melee chars always use a shield: true
     0 | D:1      | 0 ||| qw: God list: Okawaru
     0 | D:1      | 0 ||| qw: Allow faded altars: false
     0 | D:1      | 0 ||| qw: Do Orc after clearing Dungeon:15 true
     0 | D:1      | 0 ||| qw: Do second Lair branch before Depths: true
     0 | D:1      | 0 ||| qw: Lair rune preference: random
     0 | D:1      | 0 ||| qw: Goals: Normal
     0 | D:1      | 0 ||| PLANNING D:1-11
   120 | D:1      | Reached skill level 3 in Ranged Weapons
   130 | D:1      | Reached XP level 2. HP: 23/23 MP: 2/2
   486 | D:1      | Reached XP level 3. HP: 18/29 MP: 3/3
   759 | D:1      | 759 ||| UPGRADING to +0 leather armour.
   769 | D:1      | 769 ||| DROPPING +0 robe.
   770 | D:1      | 770 ||| UPGRADING to +0 ring mail.
   780 | D:1      | 780 ||| DROPPING +0 leather armour.
   781 | D:1      | 781 ||| READING scroll labelled TAUFAFF GISE.
   782 | D:1      | 782 ||| READING 3 scrolls labelled KEIXIA XUNIGYU.
   834 | D:1      | 834 ||| READING scroll labelled ICZENA BIMA.
   835 | D:1      | 835 ||| READING scroll labelled UNKOONO UFUHODGH.
   836 | D:1      | 836 ||| DROPPING scroll of poison.
   837 | D:1      | 837 ||| DROPPING 2 scrolls of torment.
   928 | D:2      | Reached skill level 4 in Ranged Weapons
  1020 | D:2      | Reached skill level 1 in Armour
  1280 | D:2      | Reached XP level 4. HP: 36/36 MP: 4/4
  1434 | D:2      | 1434 ||| UPGRADING to +0 pair of gloves.
  1439 | D:2      | 1439 ||| READING scroll labelled ITECWI XEKA.
  1440 | D:2      | 1440 ||| DRINKING 2 fizzy amethyst potions.
  1498 | D:3      | 1498 ||| FLEEEEING.
  1499 | D:3      | 1499 ||| FLEEEEING.
  1500 | D:3      | 1500 ||| FLEEEEING.
  1501 | D:3      | 1501 ||| FLEEEEING.
  1502 | D:3      | 1502 ||| FLEEEEING.
  1503 | D:3      | 1503 ||| FLEEEEING.
  1504 | D:3      | 1504 ||| FLEEEEING.
  1505 | D:3      | 1505 ||| FLEEEEING.
  1506 | D:3      | 1506 ||| FLEEEEING.
  1507 | D:3      | 1507 ||| FLEEEEING.
  1508 | D:3      | 1508 ||| FLEEEEING.
  1509 | D:3      | 1509 ||| FLEEEEING.
  1510 | D:3      | 1510 ||| FLEEEEING.
  1511 | D:3      | 1511 ||| FLEEEEING.
  1512 | D:3      | 1512 ||| FLEEEEING.
  1513 | D:3      | 1513 ||| FLEEEEING.
  1514 | D:3      | 1514 ||| FLEEEEING.
  1516 | D:3      | 1516 ||| FLEEEEING.
  1517 | D:3      | 1517 ||| FLEEEEING.
  1518 | D:3      | 1518 ||| FLEEEEING.
  1519 | D:3      | 1519 ||| STAIRDANCE
  1564 | D:3      | 1564 ||| STAIRDANCE
  1570 | D:2      | Reached skill level 5 in Ranged Weapons
  1654 | D:3      | Found a faded altar of an unknown god.
  1684 | D:3      | Noticed Terence
  1696 | D:3      | Killed Terence
  1697 | D:3      | Reached XP level 5. HP: 30/44 MP: 5/5
  2081 | D:3      | 2081 ||| READING scroll labelled COSTIA REUTSET.
  2105 | D:4      | 2105 ||| PLANNING OSSUARY
  2183 | D:4      | Reached skill level 3 in Fighting
  2191 | D:4      | 2191 ||| FLEEEEING.
  2192 | D:4      | 2192 ||| FLEEEEING.
  2193 | D:4      | 2193 ||| FLEEEEING.
  2194 | D:4      | 2194 ||| FLEEEEING.
  2195 | D:4      | 2195 ||| FLEEEEING.
  2196 | D:4      | 2196 ||| FLEEEEING.
  2197 | D:4      | 2197 ||| FLEEEEING.
  2198 | D:4      | 2198 ||| FLEEEEING.
  2199 | D:4      | 2199 ||| FLEEEEING.
  2200 | D:4      | 2200 ||| FLEEEEING.
  2201 | D:4      | 2201 ||| FLEEEEING.
  2202 | D:4      | 2202 ||| FLEEEEING.
  2203 | D:4      | 2203 ||| FLEEEEING.
  2204 | D:4      | 2204 ||| FLEEEEING.
  2205 | D:4      | 2205 ||| STAIRDANCE
  2293 | D:4      | Found an opulent altar of Gozag.
  2322 | D:4      | Reached skill level 6 in Ranged Weapons
  2322 | D:4      | Reached XP level 6. HP: 43/51 MP: 6/6
  2377 | D:4      | Found a sand-covered staircase.
  2378 | D:4      | 2378 ||| READING scroll labelled UQU PA IF VADU.
  2384 | Ossuary  | Entered an ossuary
  2720 | Ossuary  | Reached skill level 7 in Ranged Weapons
  2758 | Ossuary  | Reached XP level 7. HP: 56/59 MP: 7/7
  2825 | Ossuary  | 2825 ||| READING scroll labelled WUVVEI URUODD.
  2826 | Ossuary  | 2826 ||| READING scroll labelled MEIJIFFE NACK.
  2826 | Ossuary  | Identified a scroll of acquirement
  2826 | Ossuary  | 2826 ||| ACQUIRING +2 cloak of stealth
  2826 | Ossuary  | Acquired a +2 cloak of stealth
  2828 | Ossuary  | 2828 ||| UPGRADING to +2 cloak of stealth.
  2833 | Ossuary  | 2833 ||| DRINKING 3 orange potions.
  2844 | D:4      | 2844 ||| PLANNING D:1-11
  3062 | D:4      | 3062 ||| DRINKING 2 potions of curing.
  3062 | D:4      | 3062 ||| (to cure confusion)
  3068 | D:4      | 3068 ||| FLEEEEING.
  3070 | D:4      | 3070 ||| DRINKING potion of curing.
  3070 | D:4      | 3070 ||| (to cure confusion)
  3080 | D:4      | Reached skill level 8 in Ranged Weapons
  3639 | D:4      | 3639 ||| UPGRADING to +0 pair of boots.
  3644 | D:4      | 3644 ||| DROPPING +6 ring of intelligence.
  3645 | D:4      | 3645 ||| DRINKING 2 yellow potions.
  3646 | D:4      | 3646 ||| DROPPING potion of brilliance.
  3684 | D:5      | Entered Level 5 of the Dungeon
  3691 | D:5      | 3691 ||| STAIRDANCE
  3797 | D:5      | Found a staircase to the Ecumenical Temple.
  3798 | D:5      | 3798 ||| PLANNING TEMPLE
  3807 | Temple   | Entered the Ecumenical Temple
  3818 | Temple   | 3818 ||| PLANNING D:1-11
  3946 | D:5      | Noticed Duvessa
  3946 | D:5      | Noticed Dowan
  3953 | D:5      | Killed Duvessa
  3959 | D:5      | Killed Dowan
  4076 | D:5      | Noticed Prince Ribbit
  4079 | D:5      | Reached skill level 9 in Ranged Weapons
  4086 | D:5      | HP: 15/61 [Prince Ribbit (7)]
  4088 | D:5      | Slain by Prince Ribbit

Levels and vault maps discovered:
D:1:      matt_arrival_grand_opening, layout_loops_cross,
          minmay_shallow_snake_nest
D:2:      layout_loops_cross
D:3:      layout_rooms, hellmonk_ecumenical_altar_run_dry, uniq_terence
D:4:      layout_loops_corners, mainiacjoe_overflow_small_starburst,
          nicolae_ossuary_entry_ruins, bh_walls_and_bars
D:5:      minmay_opposing_rooms, layout_cave_pools,
          mainiacjoe_overflow_alcove_3, minmay_temple_entry_large_hall,
          minmay_door_square, minmay_fire_ice_demons, uniq_duvessa,
          uniq_prince_ribbit1
Temple:   minmay_freezing_vapour_temple

Skill      XL: |  1  2  3  4  5  6  7 |
---------------+----------------------+-----
Ranged Weapons | 3 4 5 6 7 9 |  9.0
Fighting       | 2 3 4 5 |  5.0
Armour         | 1 2 |  2.3
Dodging        | |  2.1
Spellcasting   | |  1.0
Hexes          | |  2.0

Action                     |  1- 3 |  4- 6 |  7- 9 || total
---------------------------+-------+-------+-------++-------
   Fire: Sling             |   135 |   271 |   139 ||   545
    Use: Scroll            |     4 |     3 |     2 ||     9
         Potion            |       |     1 |     4 ||     5
 Armour: Robe              |    10 |       |       ||    10
         Ring mail         |    21 |    50 |    55 ||   126
  Dodge: Dodged            |    36 |    84 |    33 ||   153

Table legend:
 A = Non-vault XP
 B = Vault XP
 C = Vault XP percentage of total XP
 D = Non-vault monster count
 E = Vault monster count
 F = Vault count percentage of total count
                 A         B        C        D         E       F
            +---------+---------+-------+---------+---------+-------
      Total |     749 |     676 |  47.4 |      82 |      43 |  34.4
            +---------+---------+-------+---------+---------+-------
        D:1 |      50 |       4 |   7.4 |      28 |       3 |   9.7
        D:2 |      66 |       0 |   0.0 |      17 |       0 |   0.0
        D:3 |      53 |      36 |  40.4 |       8 |       1 |  11.1
        D:4 |     387 |       0 |   0.0 |      24 |       0 |   0.0
        D:5 |     193 |     211 |  52.2 |       5 |       2 |  28.6
    Ossuary |       0 |     425 | 100.0 |       0 |      37 | 100.0
            +---------+---------+-------+---------+---------+-------
